[Event "*** Titled Tuesday Blitz"]
[Site "Chess.com"]
[Date "2020.02.04"]
[Round "6"]
[White "Gusarov91"]
[Black "almaguerjm"]
[Result "1/2-1/2"]
[WhiteElo "2604"]
[BlackElo "2412"]
[TimeControl "180+2"]
[EndTime "14:20:52 PST"]
[Termination "Game drawn by stalemate"]

1. d4 Nf6 2. Nf3 g6 3. c4 Bg7 4. g3 c5 5. Bg2 cxd4 6. Nxd4 Nc6 7. O-O O-O 8. Nc3 d6 9. Nxc6 bxc6 10. Bxc6 Rb8 11.
Bg2 Ba6 12. Qa4 Qc8 13. Nd5 Re8 14. Nc7 Qxc7 15. Qxa6 Nd7 16. Qc6 Rec8 17. Qe4 e6 18. Qd3 Ne5 19. Qd1 Nxc4 20. Bf4 Bxb2 21. Rb1 e5 22.
Bc1 Bd4 23. Rxb8 Rxb8 24. Qc2 Qc8 25. e3 Bb6 26. Bd5 Na5 27. Qd3 Qf5 28. Qa6 e4 29. Rd1 Rc8 30. Bd2 Rc2 31. Be1 Qf3 32. Rb1 Bxe3 33.
Qf1 Bb6 34. Qg2 Qxg2+ 35. Kxg2 Kf8 36. Bxe4 Rxa2 37. Bd5 Re2 38. Ra1 Re5 39. Rd1 f5 40.
Bc3 Re2 41. Be1 Rb2 42. Kf1 Nb3 43. Bc3 Rc2 44. Bb4 Rxf2+ 45. Ke1 Rxh2 46. Bxb3 Bf2+ 47. Kf1 Bxg3 48. Bxd6+ Bxd6 49. Rxd6 Rb2 50. Bd5 Kg7 51. Rd7+ Kh6 52. Rxa7 Rd2 53. Bg8 Kg5 54. Rxh7 Kf4 55. Rg7 g5 56. Bh7 g4 57. Rf7 Rd5 58. Kg2 Rd2+ 59.
Kf1 Rd5 60. Rf8 Ke4 61. Ke2 g3 62. Rg8 Kf4 63. Rf8 Re5+ 64. Kf1 Kg4 65. Rg8+ Kf3 66. Rg5 Kf4 67. Rxf5+ Rxf5 68. Bxf5 Kxf5 69. Kg2 Kg4 70. Kg1 Kf4 71. Kg2 Kg4 72. Kg1 Kh3 73. Kh1 g2+ 74.
Kg1 Kg3 1/2-1/2

[Event "*** Titled Tuesday Blitz"]
[Site "Chess.com"]
[Date "2020.02.04"]
[Round "6"]
[White "Poghosyan_Suren"]
[Black "Andro2"]
[Result "1-0"]
[WhiteElo "2671"]
[BlackElo "2443"]
[TimeControl "180+2"]
[EndTime "14:20:59 PST"]
[Termination "Poghosyan_Suren won on time"]

1. Nf3 Nf6 2. b3 d6 3. d4 g6 4.
Bb2 Bg7 5. g3 O-O 6. Bg2 Bf5 7.
O-O Qc8 8. Re1 Nc6 9. c4 Bh3 10. Bh1 Bg4 11. Nc3 e5 12. dxe5 Nxe5 13. Nxe5 dxe5 14.
Qd2 Rd8 15. Qe3 Re8 16. Rad1 c6 17. c5 Qc7 18. Rd6 Be6 19. Red1 Bf8 20. Qxe5 Ng4 21. Qh8+ Kxh8 22. Nd5+ Kg8 23. Nxc7 Bxd6 24. cxd6 Red8 25. Nxa8 Rxa8 26. h3 Nh6 27. Bf6 Bd7 28. g4 Kf8 29. Rd3 Ng8 30. Bg5 f6 31. Be3 Kf7 32. Rd4 a6 33. a4 Re8 34. a5 Re5 35. Rb4 Rb5 36. Rxb5 axb5 37. b4 Ke6 38. Bc5 Nh6 39. Be4 Nf7 40.
Bc2 Nxd6 41. e4 Nc4 42. f4 g5 43. e5 gxf4 44. Bf5+ Kd5 45. Bxd7 fxe5 46. Bc8 e4 47.
Bxb7 Nxa5 48. bxa5 Kxc5 49. g5 b4 50. a6 Kb6 51. Bc8 b3 52. Bf5 e3 53. Bxh7 Kxa6 54. Bd3+ Ka5 55. g6 f3 56. g7 b2 57. g8=Q f2+ 58.
Kf1 Kb4 59. Qc4+ Ka3 60. Qc3+ Ka2 61. Bc4+ Kb1 62. Qa3 Kc2 63. Bd3+ Kd2 64. Qb3 e2+ 65. Bxe2 1-0

[Event "*** Titled Tuesday Blitz"]
[Site "Chess.com"]
[Date "2020.02.04"]
[Round "6"]
[White "Sajkochess"]
[Black "Hasangatin_Ramil"]
[Result "0-1"]
[WhiteElo "2298"]
[BlackElo "2531"]
[TimeControl "180+2"]
[EndTime "14:20:59 PST"]
[Termination "Hasangatin_Ramil won by resignation"]

1. e4 d5 2. exd5 Qxd5 3. Nc3 Qd6 4. Bc4 Nf6 5. Nf3 c6 6. O-O Bg4 7. h3 Bh5 8. Re1 Nbd7 9. Be2 e6 10. d3 Be7 11. Bg5 O-O 12. Qd2 Qc7 13. Bh4 Rfe8 14. Bg3 Bd6 15. Bxd6 Qxd6 16. Ne4 Nxe4 17. dxe4 Qc7 18.
Rad1 Rad8 19. Qb4 Qb6 20. Qxb6 Nxb6 21. Nd4 Bg6 22. Bf3 Na4 23. Ne2 e5 24. b3 Nc5 25.
Nc3 Ne6 26. Ne2 Nc5 27. Ng3 Ne6 28. c3 Nc5 29. h4 f6 30. h5 Bf7 31. Rxd8 Rxd8 32.
Rd1 Rxd1+ 33. Bxd1 a5 34. Kf1 a4 35. bxa4 Bxa2 36.
Ke2 Bc4+ 37. Ke3 g6 38. hxg6 hxg6 39. Ne2 Bxe2 40. Bxe2 Nxa4 41. Kd3 b5 42. Bg4 Nc5+ 43. Ke3 Kf7 44. Bd1 Ke7 45. g3 Kd6 46. f4 Na4 47. Kd2 Kc5 48. Bb3 g5 49. fxg5 fxg5 50. Kd3 Nb6 51. Be6 Na4 52. Bb3 Nb6 53. Be6 b4 54.
cxb4+ Kxb4 55. Bf7 c5 56. Ke3 c4 57. Bxc4 Kxc4 58. Kf3 Kd4 59. Kg4 Kxe4 60. Kxg5 Nd5 61. g4 Ne3 62. Kh4 Nxg4 63. Kxg4 Kd3 64. Kf3 e4+ 65. Kf2 Kd2 0-1

[Event "*** Titled Tuesday Blitz"]
[Site "Chess.com"]
[Date "2020.02.04"]
[Round "6"]
[White "GianmarcoVaR"]
[Black "INLOVEWITHF"]
[Result "0-1"]
[WhiteElo "2613"]
[BlackElo "2366"]
[TimeControl "180+2"]
[EndTime "14:21:01 PST"]
[Termination "INLOVEWITHF won by checkmate"]

1. d4 d5 2. c4 c6 3. Nf3 Nf6 4. Nc3 e6 5. g3 dxc4 6. Bg2 b5 7. O-O Bb7 8. Ne5 Qb6 9. a4 a6 10. Bg5 h6 11. Bxf6 gxf6 12. Ng4 Nd7 13. e4 b4 14. Ne2 a5 15. Ne3 Ba6 16. Rc1 c5 17. Nxc4 Bxc4 18.
Rxc4 cxd4 19. Rxd4 Ne5 20. Rd2 Bc5 21. b3 Ke7 22.
Nf4 Rhd8 23. h3 Rxd2 24. Qxd2 Rd8 25. Qe2 Bd4 26. Kh2 Bc3 27. Qh5 Rd2 28. Qxh6 Rxf2 29.
Rxf2 Qxf2 30. Qh5 Bd4 31. h4 Be3 32. Qe2 Qxe2 33. Nxe2 Nd3 34. Bf3 Nc5 35. e5 fxe5 36.
g4 Nxb3 37. Ng3 Nd2 38. Bd1 b3 39. Ne2 Bd4 40. Nc3 Bxc3 41. h5 Kf6 42. h6 Kg6 43. g5 e4 44. Kg3 Kxg5 45. Kf2 Kxh6 46. Ke3 b2 47. Bc2 b1=Q 48. Bxb1 Nxb1 49. Kxe4 Bb4 50. Kd4 Nc3 51. Ke5 Nxa4 52. Kf6 Nc3 53. Ke5 a4 54. Kd4 a3 55. Kd3 a2 56. Kc2 a1=Q 57. Kb3 Qa2+ 58. Kxb4 Nd5+ 59. Kc5 Qa5+ 60. Kd4 Qb6+ 61. Ke5 Qc7+ 62. Ke4 f5+ 63. Kf3 Qc3+ 64. Ke2 Nf4+ 65. Kf1 Qd2 66. Kg1 Qg2# 0-1

[Event "*** Titled Tuesday Blitz"]
[Site "Chess.com"]
[Date "2020.02.04"]
[Round "6"]
[White "allvim"]
[Black "EugeneRougon"]
[Result "0-1"]
[WhiteElo "2415"]
[BlackElo "2714"]
[TimeControl "180+2"]
[EndTime "14:21:01 PST"]
[Termination "EugeneRougon won by resignation"]

1. d4 d5 2. c4 c6 3. Nc3 Nf6 4. Nf3 e6 5. Bf4 dxc4 6. a4 Bb4 7. Qc2 O-O 8. e3 b5 9. Be2 Bb7 10. O-O a6 11. Nd2 Nbd7 12. h3 Qe7 13. Bf3 e5 14.
dxe5 Nxe5 15. Be2 Rad8 16. Rfd1 Nd3 17. Nf3 Bxc3 18. bxc3 Nxf4 19. exf4 Qe4 20. Qb2 Qxf4 21. Rd4 Rxd4 22. Nxd4 Ne4 23. Bf3 Qd2 24. Qxd2 Nxd2 25. Bxc6 Bxc6 26. Nxc6 Ne4 27. axb5 axb5 28. Ra3 Re8 29.
f3 Nd6 30. Nd4 h5 31. Ra5 Rb8 32. Ra6 Ne8 33. Nc6 Rb7 34. Ra8 Kf8 35. Nb4 Ke7 36. Kf2 Nc7 37. Rc8 g6 38. Ke3 Ne6 39. Ke4 h4 40.
Nd5+ Kd6 41. Nb4 Nc5+ 42. Kd4 Nb3+ 43. Ke3 Re7+ 44. Kf4 Nc1 45. Rc6+ Kd7 46. Rb6 Ne2+ 47. Kg5 Nxc3 48. Kxh4 Re2 49. g4 Rb2 50. Na6 Nd5 51. Rb7+ Kc6 52. Rxf7 c3 53. Rf8 Kb6 54. Nb8 c2 55. Nd7+ Kc7 56. Ne5 c1=Q 57. Nd3 Qd2 58. Nxb2 Qh6+ 59. Kg3 Qxf8 60. Nd3 Qd6+ 61. f4 g5 62. Kf3 Nxf4 0-1

[Event "*** Titled Tuesday Blitz"]
[Site "Chess.com"]
[Date "2020.02.04"]
[Round "6"]
[White "SerGo055"]
[Black "joppie2"]
[Result "0-1"]
[WhiteElo "2548"]
[BlackElo "2891"]
[TimeControl "180+2"]
[EndTime "14:21:02 PST"]
[Termination "joppie2 won by resignation"]

1. d4 Nf6 2. Nf3 g6 3. c4 Bg7 4.
Nc3 O-O 5. Bg5 d6 6. Qd2 Bf5 7. Bh6 e5 8. Bxg7 Kxg7 9. dxe5 dxe5 10. Qxd8 Rxd8 11. Nxe5 Na6 12. f3 Nb4 13. Kf2 Rd2 14.
a3 Nc2 15. Rd1 Rxd1 16. Nxd1 Re8 17. Nd3 Bxd3 18. exd3 Re1 19. Nc3 Rc1 20. Ne2 Rb1 21. b4 Nxa3 22. b5 Nd7 23. Ng3 Ne5 24. Be2 Rb2 25.
Ke3 Nc2+ 26. Ke4 Nd7 27. d4 Rb3 28. Rc1 f5+ 29. Kd5 Nb4+ 30. Ke6 Nf6 31. Ke7 Re3+ 32. Kd8 f4 33. Nf1 Rxe2 34. Kxc7 Re7+ 35. Kb8 a6 36. b6 Nc6+ 37. Ka8 Na5 38. c5 Nd5 39. Nd2 Nb4 40. d5 Nxd5 41. Ne4 Re8+ 42. Ka7 Nb4 43. c6 Nbxc6+ 44. Rxc6 Nxc6+ 45. Kxb7 Nb4 46. Kc7 a5 47. Nc5 Nd5+ 48. Kc6 Nxb6 49. Kxb6 Re2 50. Kxa5 Rxg2 51. Ne6+ Kf6 52. Nxf4 Rxh2 53. Kb5 Rf2 54. Nd5+ Ke5 55. Ne3 Rxf3 0-1

[Event "*** Titled Tuesday Blitz"]
[Site "Chess.com"]
[Date "2020.02.04"]
[Round "6"]
[White "PaulfromSPb"]
[Black "SARGISMV"]
[Result "0-1"]
[WhiteElo "2619"]
[BlackElo "2418"]
[TimeControl "180+2"]
[EndTime "14:21:05 PST"]
[Termination "SARGISMV won on time"]

1. e4 e6 2. d4 d5 3. Nd2 Nc6 4. c3 e5 5. dxe5 dxe4 6. Bb5 Bf5 7. Qa4 Ne7 8. Nxe4 Qd5 9. Ng3 Qxe5+ 10. Be3 Bd7 11. Nf3 Qf6 12. O-O a6 13. Ne4 Qg6 14.
Nc5 Bh3 15. Nh4 Qg4 16. Nxb7 axb5 17. Qxa8+ Nc8 18. Rfe1 Be7 19. Nd6+ Kd7 20. Nxc8 Rxc8 21.
Rad1+ Bd6 22. Qa6 Qxh4 23. gxh3 Qxh3 24. Qxb5 Qg4+ 25. Kf1 Re8 26. Qd5 Re4 27. Qxf7+ Ne7 28. Rd4 Qh3+ 29. Ke2 Qg4+ 30. Kd2 Rxd4+ 31. Bxd4 Bf4+ 32.
Be3 Bd6 33. Kc1 Qc4 34. Kb1 Qxf7 35. Rd1 Qf5+ 36. Kc1 Nd5 37. Bd2 Kc6 38. a3 Qxf2 39.
c4 Ne3 40. Re1 Nxc4 41. Bc3 Bc5 42. Re6+ Kb7 43. Re4 Ne3 44. Kb1 Qc2+ 45. Ka1 Nd1 46. Rc4 Nxc3 47. Rxc3 Qd1+ 48. Ka2 Bb6 49. h3 Qd5+ 50.
Kb1 g5 51. Kc2 h5 52. Rd3 Qf5 53. Kc3 g4 54. hxg4 hxg4 55. Rd5 Qxd5 56. Kc2 Qd4 57. Kb3 g3 58. Ka2 g2 59. Kb3 g1=Q 60. Ka2 Qc1 0-1

[Event "*** Titled Tuesday Blitz"]
[Site "Chess.com"]
[Date "2020.02.04"]
[Round "6"]
[White "lilleper1"]
[Black "Philosopherrr"]
[Result "0-1"]
[WhiteElo "2671"]
[BlackElo "2473"]
[TimeControl "180+2"]
[EndTime "14:21:07 PST"]
[Termination "Philosopherrr won by resignation"]

1. Nf3 Nf6 2. g3 d5 3. d4 Bf5 4. Bg2 Nbd7 5. O-O h6 6. b3 e6 7.
Bb2 c6 8. c4 Ne4 9. Nfd2 Ndf6 10. Nc3 Nxc3 11. Bxc3 Qb6 12. Re1 Bb4 13. Qc1 Rd8 14.
e3 O-O 15. a3 Bxc3 16. Qxc3 c5 17. dxc5 Qxc5 18. Rec1 d4 19. exd4 Rxd4 20. b4 Qe5 21. Re1 Qd6 22. c5 Qd7 23. Nc4 Rd8 24. Nd6 Rd3 25. Qb2 b6 26. Nxf5 exf5 27. c6 Qc7 28. Qe5 Qxe5 29. Rxe5 Rd1+ 30. Re1 Rxa1 31. Rxa1 b5 32.
Rc1 Ne8 33. h4 Nc7 34. h5 Kf8 35. Ra1 Rd4 36. a4 bxa4 37. Rxa4 a6 38. Ra5 Rxb4 39.
Rxf5 Rb5 40. Rf4 Rxh5 41. Rd4 Rc5 42. Rd8+ Ne8 43. Ra8 a5 44. Ra7 g6 45. Bf3 h5 46.
Kg2 Kg7 47. Re7 Kf8 48. Rd7 Nf6 49. Ra7 Kg7 50. Kf1 Nd5 51. Ke2 Rc2+ 52. Kd1 Rc5 53.
Kd2 Kf6 54. Kd3 Ke6 55. Kd4 Rb5 56. c7 Ne7 57. Kc4 Rb2 58. Kc5 Rxf2 59. Bb7 Rc2+ 60.
Kb6 Kd6 61. Ra8 Rxc7 62. Rd8+ Rd7 63. Rxd7+ Kxd7 64. Kxa5 Kd6 65. Kb4 Ke5 66. Kc3 Nf5 67. Kd3 Nxg3 68. Ke3 f5 69. Kf3 h4 70. Kg2 g5 71. Kh3 Nh5 72. Bf3 Nf4+ 0-1

[Event "*** Titled Tuesday Blitz"]
[Site "Chess.com"]
[Date "2020.02.04"]
[Round "6"]
[White "hanzo_hasashi1"]
[Black "Dhaydon19"]
[Result "0-1"]
[WhiteElo "2885"]
[BlackElo "2686"]
[TimeControl "180+2"]
[EndTime "14:21:09 PST"]
[Termination "Dhaydon19 won by resignation"]

1. c4 c6 2. Nf3 d5 3. e3 Nf6 4. d4 Bg4 5. h3 Bxf3 6. Qxf3 e6 7.
Bd3 Bd6 8. O-O Nbd7 9. Nc3 Qe7 10. e4 dxe4 11. Nxe4 Nxe4 12. Bxe4 h6 13. g3 O-O 14.
Bc2 Rae8 15. Re1 Nf6 16. a3 e5 17. Bf4 e4 18. Qe3 Bxf4 19. Qxf4 Qe6 20. b3 Qxh3 21. Bxe4 Nxe4 22. Rxe4 Rxe4 23. Qxe4 Qd7 24. Re1 Rd8 25. Qd3 Qd6 26. b4 g6 27. Re4 Kg7 28. Qe3 Rd7 29. Kh2 h5 30. Kg2 b5 31. cxb5 cxb5 32.
Re5 a6 33. Re4 Qd5 34. Kh2 Rd6 35. Kg1 Rd7 36. Qf4 Rd6 37. Re7 Rf6 38. Qe3 Rc6 39. Re5 Qd6 40. Rc5 Rb6 41. d5 Qf6 42. f4 Rd6 43. Qe5 Kh7 44. Kf2 Qd8 45. Kf3 Qd7 46.
Kg2 h4 47. Qg5 hxg3 48. Kxg3 Kg7 49. Qe5+ Kh7 50. Kh4 Qd8+ 51. Kg4 Qd7+ 52. Kg3 Qd8 53. Kf3 Qd7 54. Kg3 Qd8 55. Rc2 f6 56. Qe3 Rxd5 57. Rh2+ Kg7 58. Qa7+ Qd7 59. Qxd7+ Rxd7 60. Ra2 Rd3+ 61.
Kf2 Rb3 62. Rd2 Rxa3 63. Rd7+ Kh6 64. Rf7 f5 65. Rf6 Kh5 66. Ke2 Kg4 67. Rxg6+ Kxf4 0-1

[Event "*** Titled Tuesday Blitz"]
[Site "Chess.com"]
[Date "2020.02.04"]
[Round "6"]
[White "Gabrielian_Artur"]
[Black "amiralfio"]
[Result "1-0"]
[WhiteElo "2766"]
[BlackElo "2524"]
[TimeControl "180+2"]
[EndTime "14:21:32 PST"]
[Termination "Gabrielian_Artur won by resignation"]

1. e4 e5 2. Nf3 Nc6 3. Bb5 a6 4. Bxc6 dxc6 5. Nc3 f6 6. d3 Bg4 7. h3 Bh5 8. g4 Bf7 9. Be3 Ne7 10. Qe2 Ng6 11.
O-O-O c5 12. h4 Qd7 13. h5 Nf4 14. Bxf4 exf4 15. h6 gxh6 16. Nh4 O-O-O 17. Nf5 Be6 18. Qf3 Bd6 19. Rxh6 Be5 20. Nd5 Kb8 21. c3 Qa4 22.
Kb1 c6 23. b3 Qa3 24. Ng7 Bxd5 25. exd5 Bxc3 26. Qxf4+ Ka7 27. Qc1 Qxc1+ 28. Kxc1 cxd5 29. Kc2 Be5 30. Ne6 Rdg8 31. f3 Rg6 32. Rdh1 Rxh6 33.
Rxh6 Kb6 34. f4 Ba1 35. Rh1 Re8 36. f5 Be5 37. Rxh7 Rg8 38. g5 fxg5 39. Rh6 g4 40. f6 Bxf6 41. Rxf6 g3 42. Nf4+ Kb5 43. Ng2 Rh8 44.
Rg6 Re8 45. Kd2 Rf8 46. Rxg3 Rf2+ 47. Ke3 Rxa2 48. Nf4 d4+ 49. Ke4 Rb2 50. Rg7 b6 51. Nd5 Rxb3 52. Nc7+ Ka5 53. Rg8 b5 54. Rg6 Kb4 55. Nxa6+ Kc3 56. Nxc5 Rb1 57. Rc6 Re1+ 58. Kd5 b4 59. Rb6 Rh1 60. Rc6 Rh5+ 61. Ke4 b3 62.
Na4+ Kb4 63. Nb6 b2 64. Nc4 b1=Q 65. Rb6+ Rb5 66. Rxb5+ Kxb5 67. Na3+ Kb4 68. Nxb1 Kb3 69. Kxd4 Kc2 70. Na3+ 1-0

[Event "*** Titled Tuesday Blitz"]
[Site "Chess.com"]
[Date "2020.02.04"]
[Round "6"]
[White "IakovUlivar"]
[Black "vellottiwizard"]
[Result "0-1"]
[WhiteElo "2448"]
[BlackElo "2685"]
[TimeControl "180+2"]
[EndTime "14:21:35 PST"]
[Termination "vellottiwizard won by resignation"]

1. d4 Nf6 2. c4 e6 3. Nc3 Bb4 4. e3 O-O 5. Bd2 d5 6. Nf3 c5 7.
a3 Bxc3 8. Bxc3 Ne4 9. Rc1 Nxc3 10. Rxc3 cxd4 11. Qxd4 Nc6 12. Qd2 Qf6 13. cxd5 Rd8 14. Rd3 exd5 15. Nd4 Qg6 16. f3 Be6 17. Kf2 Rac8 18.
Be2 Nxd4 19. exd4 Bf5 20. Rc3 Rxc3 21. bxc3 Qd6 22. Qb2 b6 23. g3 Re8 24. Qc1 Rc8 25.
Ba6 Rc7 26. Re1 h6 27. Qb2 Kh7 28. Re5 Qf6 29. Qd2 Be6 30. Bd3+ Kg8 31. f4 Kf8 32. Bf1 g6 33. Bg2 Rd7 34. Kg1 Kg7 35. h4 h5 36. Kh2 Qd8 37. Qb2 Qc7 38. Qb4 a5 39.
Qb2 Rd6 40. Bf1 Rc6 41. Re3 Bf5 42. Bb5 Re6 43. Qd2 Qe7 44. Rxe6 Qxe6 45. Qe2 Be4 46. Bd3 f5 47. Bb5 Qd6 48. a4 Qa3 49. Qd2 Qb3 50.
Bd3 Qxa4 51. Bxe4 dxe4 52. d5 Kf7 53. d6 Ke6 54. Qb2 Qc6 55. c4 Kxd6 56. Qe5+ Kd7 57.
Qg7+ Kc8 58. Qg8+ Kb7 59. Qf7+ Ka6 60. Qg8 a4 61. Qf8 Ka5 62. Qa3 Qxc4 63. Qf8 Qc5 64. Qa8+ Kb4 65. Qe8 a3 66. Qxg6 a2 67. Qf6 Kb3 68.
Qe6+ Kb2 69. Qf6+ Kb1 0-1

[Event "*** Titled Tuesday Blitz"]
[Site "Chess.com"]
[Date "2020.02.04"]
[Round "6"]
[White "saraswathii"]
[Black "maciek_92"]
[Result "0-1"]
[WhiteElo "2211"]
[BlackElo "2820"]
[TimeControl "180+2"]
[EndTime "14:21:41 PST"]
[Termination "maciek_92 won by resignation"]

1. e3 Nf6 2. Ne2 b6 3. Nbc3 Bb7 4. b3 g6 5. Bb2 Bg7 6. d4 O-O 7. Qd2 a5 8. O-O-O a4 9. Nxa4 Ne4 10. Qe1 b5 11.
Nac3 b4 12. Nxe4 Bxe4 13. Qxb4 Rxa2 14. Nc3 Nc6 15. Qc4 Qa8 16. Nxe4 Rb8 17. Nc3 Nb4 18.
Nxa2 Nxa2+ 19. Kd2 Nb4 20. f3 c5 21. Bd3 d5 22.
Qxc5 e6 23. Ra1 Qb7 24. Bc3 Bf8 25. Qa5 Nc6 26. Qa6 Qd7 27. Bb5 Rc8 28. Bxc6 Rxc6 29.
Qa8 Kg7 30. Ra7 Qd6 31. Rha1 Rb6 32. R1a6 Rxa6 33. Rxa6 Qxh2 34. Qb7 Qxg2+ 35. Kc1 Qg1+ 36. Kb2 Qxe3 37. Ra7 Qxf3 38. Qd7 Qf6 39. b4 h5 40. b5 h4 41. b6 h3 42. b7 h2 43. Ra1 Qf4 44.
Qc8 Bd6 45. Qd8 g5 46. Qa5 g4 47. Bd2 Qf6 48. Qa6 Qe7 49. Qe2 f5 50. Ra7 Bb8 51.
Qxh2 Bxa7 52. b8=Q Bxb8 53. Qxb8 Kg6 54. Qf4 Qh4 55.
Qe5 Qf6 56. Qc7 Qxd4+ 57. Bc3 Qe3 58. Qg7+ Kh5 59. Qh7+ Kg5 60. Qg7+ Kf4 61. Qh6+ Kf3 62. Qh1+ Kg3 63. Qd1 Qf3 64. Be1+ Kh3 65. Qd2 g3 66. Qh6+ Kg2 67. Qxe6 Qe4 68. Qc6 Qxe1 69. Qxd5+ Qe4 70. Qd2+ Kh1 71. Qd1+ Kh2 72. Qh5+ Kg2 0-1

[Event "*** Titled Tuesday Blitz"]
[Site "Chess.com"]
[Date "2020.02.04"]
[Round "6"]
[White "AdrianaNikolova"]
[Black "Mikhail_Golubev"]
[Result "1-0"]
[WhiteElo "2406"]
[BlackElo "2528"]
[TimeControl "180+2"]
[EndTime "14:21:44 PST"]
[Termination "AdrianaNikolova won on time"]

1. d4 Nf6 2. Bf4 d6 3. e3 Nbd7 4. Nf3 Nh5 5. Bg5 h6 6. Bh4 g5 7. Bg3 Bg7 8. c4 e5 9. Nc3 Nxg3 10. hxg3 g4 11. Nh4 exd4 12. exd4 Nf6 13. Qd3 h5 14. O-O-O Kf8 15. Nf5 Bxf5 16. Qxf5 c6 17. Bd3 Qd7 18. Qxd7 Nxd7 19. Bf5 Nb6 20. b3 c5 21. Nb5 cxd4 22. Nxd6 a5 23. a4 Rd8 24. Nxb7 Rb8 25. Nxa5 Rh6 26. Be4 Re6 27. f3 Nd7 28. Kc2 Nc5 29. Rhe1 Rd8 30. Bd5 d3+ 31. Kd2 Ra6 32. Nc6 Rxc6 33.
Bxc6 Nxb3+ 34. Ke3 d2 35. Rh1 Bh6+ 36. f4 Rd6 37.
Bd5 Bg7 38. Rxh5 Bd4+ 39. Kd3 Bf2 40. Kc3 Nc5 41. Rxd2 Be1 42. Kc2 Bxd2 43. Kxd2 Ne4+ 44. Kc2 Nxg3 45. Rh8+ Ke7 46. Rh7 Rf6 47. a5 Ne2 48. a6 Rxa6 49. Rxf7+ Ke8 50. Kd3 Ng3 51. Rg7 Ra3+ 52. Kc2 Nf1 53. Kb2 Rg3 54. c5 Ne3 55. Be4 Nc4+ 56. Kc1 Rc3+ 57. Kd1 g3 58. c6 Nd6 59.
Bf3 Nf5 60. Rg5 Nd4 61. Rxg3 Kf8 62. Rg5 1-0

[Event "*** Titled Tuesday Blitz"]
[Site "Chess.com"]
[Date "2020.02.04"]
[Round "6"]
[White "Tayson_7"]
[Black "David_Paravyan"]
[Result "1-0"]
[WhiteElo "2694"]
[BlackElo "2843"]
[TimeControl "180+2"]
[EndTime "14:21:57 PST"]
[Termination "Tayson_7 won on time"]

1. e4 e6 2. d4 d5 3. Nc3 Bb4 4. e5 c5 5. a3 Bxc3+ 6. bxc3 Ne7 7. Qg4 Kf8 8. Nf3 Qa5 9. Bd2 Qa4 10. Bd3 c4 11. Be2 Qxc2 12. O-O Nbc6 13. Rfc1 Qf5 14. Qg3 h6 15. Bd1 Na5 16. Bc2 Qh5 17. Rab1 b6 18.
Re1 Nb3 19. Be3 Bd7 20. h3 g5 21. Qh2 g4 22. hxg4 Qxg4 23. Bxh6+ Ke8 24. Kf1 Ng8 25. Qf4 Nxh6 26. Qf6 Qg8 27. Ke2 Ng4 28. Qf4 Kd8 29. Ng5 Nh6 30. Rh1 Kc7 31. Rh5 Nf5 32. Rxh8 Qxh8 33.
Bxf5 Rg8 34. g4 Qh4 35. Nf3 Qh3 36. Rg1 Qh8 37. Bc2 Qg7 38. g5 Qf8 39. Rh1 Qxa3 40.
Kf1 Qb2 41. Bh7 Rd8 42. Qxf7 Qxc3 43. g6 Nxd4 44. Nxd4 Qxd4 45. g7 Qd1+ 46. Kg2 Qg4+ 47. Kh2 Qh4+ 48. Kg2 Qg5+ 49. Kf1 Qc1+ 50. Kg2 Qg5+ 51.
Kf1 c3 52. f4 Qg3 53. Rg1 Qf3+ 54. Ke1 Qe3+ 55. Kf1 Qf3+ 56. Ke1 Qe3+ 57. Kf1 c2 58. Bxc2 Qc1+ 59. Kg2 Qxc2+ 60. Kh3 Qh7+ 61. Kg3 Rg8 62. Kf2 Qc2+ 63. Kf3 Qd3+ 64. Kf2 Qc2+ 65. Kf3 Qe4+ 66. Kf2 Qh7 67. Rc1+ Kb8 68. Qxd7 Qxg7 69. Rc8+ Rxc8 70. Qxg7 b5 71. Qd7 a6 72. Qxe6 Kb7 73.
Qxd5+ 1-0

[Event "*** Titled Tuesday Blitz"]
[Site "Chess.com"]
[Date "2020.02.04"]
[Round "6"]
[White "Sjakkerntobi"]
[Black "djano"]
[Result "1/2-1/2"]
[WhiteElo "2256"]
[BlackElo "2348"]
[TimeControl "180+2"]
[EndTime "14:21:57 PST"]
[Termination "Game drawn by stalemate"]

1. e4 d5 2. exd5 Qxd5 3. Nc3 Qa5 4. Bc4 Nf6 5. d3 Bg4 6. Ne2 c6 7. h3 Bh5 8. Bd2 Qc7 9. Bf4 e5 10. Bg3 Nbd7 11. d4 Bb4 12. O-O O-O-O 13. a3 Bd6 14. d5 Nb6 15. Ba2 cxd5 16. Nb5 Qb8 17. Rc1 Ne4 18. c4 Nxg3 19. cxd5+ Kd7 20. fxg3 Rc8 21.
Qd3 Bg6 22. Qf3 f5 23. g4 f4 24. g5 Rhf8 25. Bb1 Bc5+ 26. Kh1 Be3 27. Qg4+ Kd8 28.
Rxc8+ Qxc8 29. Qxc8+ Kxc8 30. Bxg6 hxg6 31. Nxa7+ Kb8 32.
Nb5 Nxd5 33. Rd1 Nb6 34. Nec3 Nc4 35. b3 Nd2 36. b4 e4 37. Nd6 Rf5 38. Ndxe4 Nc4 39.
h4 Nxa3 40. Rd8+ Kc7 41. Rg8 Bd4 42. Re8 Kd7 43. Rb8 Kc7 44. Re8 b5 45. Re7+ Kd8 46. Ra7 Re5 47. Rxa3 Be3 48. Ra8+ Kc7 49. Rg8 Re7 50.
Ra8 Kb7 51. Rg8 Rd7 52. Nc5+ Bxc5 53. bxc5 b4 54. Na4 Kc6 55. Rc8+ Kb5 56. c6 Rd1+ 57. Kh2 Rc1 58. c7 Kc6 59. Rb8 Kxc7 60.
Rxb4 Rf1 61. Nb2 Kd6 62. Nd3 f3 63. gxf3 Rxf3 64. Ne1 Ra3 65. Ng2 Ke6 66. Rf4 Ke5 67. Rf2 Ke6 68. Re2+ Kf5 69. Rf2+ Kg4 70. Rf4+ Kh5 71.
Re4 Rh3+ 72. Kg1 Rh1+ 73. Kf2 Rf1+ 74. Ke3 Rf3+ 75. Kd4 Rd3+ 76. Ke5 Rd5+ 77. Kf4 Rf5+ 78. Kg3 Rf3+ 79. Kh2 Rh3+ 80. Kg1 Rh1+ 81. Kf2 Rf1+ 82. Ke2 Rf2+ 83. Kxf2 1/2-1/2

[Event "*** Titled Tuesday Blitz"]
[Site "Chess.com"]
[Date "2020.02.04"]
[Round "6"]
[White "Korona_91"]
[Black "Leonid_Starozhilov"]
[Result "0-1"]
[WhiteElo "2438"]
[BlackElo "2669"]
[TimeControl "180+2"]
[EndTime "14:22:22 PST"]
[Termination "Leonid_Starozhilov won by resignation"]

1. e4 g6 2. d4 Bg7 3. Nc3 d6 4. Be3 a6 5. a4 Nc6 6. Nf3 Bg4 7. Be2 Nf6 8. d5 Bxf3 9. gxf3 Nb8 10. f4 c6 11. a5 Nbd7 12. Bd4 cxd5 13. Nxd5 O-O 14. Nb6 Nxe4 15. Nxa8 Qxa8 16. Bxg7 Kxg7 17. Qd4+ Nef6 18. h4 Qc8 19. Bd3 Qc5 20. Qxc5 Nxc5 21. O-O-O Rc8 22. Kb1 e6 23. Be2 d5 24. h5 Nce4 25.
Rh2 Rc5 26. Bd3 Rxa5 27. hxg6 hxg6 28. Bxe4 Nxe4 29. Rdh1 Nf6 30. Rh8 Rb5 31. c3 Nh5 32. Rc8 Rb6 33. Kc2 Rd6 34. Rh4 Rd7 35. Kd3 Kf6 36. Ke3 Ng7 37. Rhh8 d4+ 38. cxd4 Nf5+ 39. Kf3 Nxd4+ 40. Kg2 Nc6 41. Rhf8 Kg7 42. Rg8+ Kf6 43. Rh8 Ne7 44. Rc3 Nf5 45. Rb8 Nh4+ 46. Kg3 Nf5+ 47. Kg4 b5 48. Ra3 Rd2 49. Rxa6 Rxf2 50.
Rxb5 Ne3+ 51. Kg3 Rc2 52. Ra3 Nf5+ 53. Kh3 g5 54. fxg5+ Kxg5 55. Rc3 Rd2 56. Rc7 Kf6 57. Rc3 Kg5 58. Rg3+ Kf6 59. Rf3 Rd1 60. Rf2 Kg5 61.
Rb7 f6 62. Rg2+ Kf4 63. Rb4+ Nd4 64. Rg4+ Ke5 65. Rg2 f5 66. Rb8 Kf4 67. Rd8 e5 68. b4 Rd3+ 69. Kh2 Nf3+ 70. Kh3 Rxd8 71. Rb2 Rh8+ 72. Kg2 Rh2+ 73. Kf1 Rxb2 74. b5 Ke3 0-1

[Event "*** Titled Tuesday Blitz"]
[Site "Chess.com"]
[Date "2020.02.04"]
[Round "6"]
[White "korbul"]
[Black "Jahonas"]
[Result "0-1"]
[WhiteElo "2562"]
[BlackElo "2436"]
[TimeControl "180+2"]
[EndTime "14:22:28 PST"]
[Termination "Jahonas won by resignation"]

1. d4 Nf6 2. Nf3 d5 3. c4 e6 4. Bg5 Be7 5. e3 c6 6. Nc3 h6 7. Bh4 Ne4 8. Bxe7 Nxc3 9. Bxd8 Nxd1 10. Rxd1 Kxd8 11. Be2 f6 12. O-O b6 13. Rd2 Bb7 14. Rc1 Nd7 15. h3 Rc8 16. b3 Re8 17.
g4 dxc4 18. Rxc4 Ke7 19. Kh2 c5 20. Kg3 Bd5 21. Rcc2 Bxf3 22. Bxf3 cxd4 23. exd4 Kd6 24. Be4 a5 25. f4 Rc7 26. Rxc7 Kxc7 27. d5 exd5 28.
Bxd5 Nc5 29. Kf3 Rd8 30. Ke3 Rd6 31. h4 Kd8 32. h5 Na6 33. Bc4 Rxd2 34. Kxd2 Nb4 35.
a3 Nc6 36. Ke3 Kc7 37. Ke4 Ne7 38. Bf7 Kd6 39. Be8 Ke6 40. Kd4 Nc8 41. Bc6 Ne7 42.
Bf3 Kd6 43. Kc4 f5 44. g5 Nc8 45. g6 Ne7 46. Kb5 Kc7 47. Bg2 Ng8 48. Kc4 Nf6 49.
Bf3 Kd6 50. Kd4 Nd7 51. Bd1 Nc5 52. Bc2 Ne6+ 53. Ke3 Nc5 54. a4 Nd7 55. Bxf5 Nf6 56. Kd4 Nxh5 57. Kc4 Nxf4 58. Kb5 Kc7 59. Kc4 h5 60.
Kd4 h4 61. Ke5 Ne2 62. Bh3 Ng1 63. Bg2 h3 64. Ba8 Kd7 65. Kf4 Ne2+ 66. Kg4 Nd4 67. Kxh3 Nxb3 68. Be4 Nc5 69. Bc2 Kd6 70. Kg4 Ke5 71.
Kf3 Ne6 72. Ke3 Nd4 73. Bd1 Kd5 74. Kd3 Kc5 75. Ke4 b5 76. axb5 Nxb5 77. Ke5 Nd4 78. Ba4 Kb4 79. Be8 Nb5 80. Bf7 a4 81. Ke6 Na3 82.
Ke7 Nc4 83. Bxc4 Kxc4 84. Kf7 a3 85. Kxg7 a2 86. Kf8 a1=Q 87. g7 Qf6+ 88. Kg8 Kd5 89. Kh7 Qh4+ 90. Kg6 Qg4+ 91. Kf7 Qf5+ 92. Ke7 Qg6 93.
Kf8 Qf6+ 94. Kg8 Ke6 95. Kh7 Qh4+ 96. Kg6 Qg4+ 97. Kh6 Kf7 98. g8=Q+ Qxg8 0-1